 Dungeon Crawl Stone Soup version 0.31-a0-1327-g8c40ea976f (webtiles) character file.

Game seed: 417352416466950005

12548 Amplified the Spear-Bearer (level 11, -9/94 HPs)
             Began as a Demigod Ice Elementalist on Dec 21, 2023.
             Hit by a javelin thrown by a minotaur (31 damage)
             ... in a Gauntlet.
             The game lasted 00:20:44 (7835 turns).

Amplified the Spear-Bearer (DgIE)                   Turns: 7835, Time: 00:20:44

Health: -9/94      AC:  5    Str: 25    XL:     11   Next: 37%
Magic:  20/23      EV: 17    Int: 25    God:
Gold:   689        SH:  0    Dex: 17    Spells: 10/21 levels left

rFire   x . .        l - +9 bardiche "Wuox" {flame, rF- rCorr Str+2 Int+2}
rCold   . . .        (shield currently unavailable)
rNeg    + . .        r - +0 troll leather armour
rPois   .            (no helmet)
rElec   +            (no cloak)
rCorr   +            (no gloves)
SInv    +            g - +0 pair of boots
Will    +....        z - amulet "Aka Sed" {Fly rElec Regen+ Dex+3}
Stlth   ++           u - ring "Wigoi" {+Blink rN+ Str+2 Int+6 SInv}
HPRegen 1.95/turn    v - +5 ring of evasion
MPRegen 0.18/turn

%: no teleportation
@: brilliant, flying
A: high MP 1, forlorn, divine attributes
a: Evoke Blink


You were in a Gauntlet.
You visited 1 branch of the dungeon, and saw 11 of its levels.
You also visited: Ossuary, Bailey and Gauntlet.

You collected 689 gold pieces.

Inventory:

Hand Weapons
 c - a +1 flail of protection
 d - a +2 dagger of venom
 k - a +1 whip of draining
 l - the +9 bardiche "Wuox" (weapon) {flame, rF- rCorr Str+2 Int+2}
   (You acquired it on level 5 of the Dungeon)

   Str+2:     It affects your strength (+2).
   Int+2:     It affects your intelligence (+2).
   rF-:       It makes you vulnerable to fire.
   rCorr:     It protects you from acid and corrosion.
Missiles
 D - 19 poisoned darts
 N - a throwing net
Armour
 g - a +0 pair of boots (worn)
 r - a +0 troll leather armour (worn)
Jewellery
 h - a ring of resist corrosion
 j - a +6 ring of strength
 n - the amulet of Vintul {Acrobat rPois}
   (You found it in a Gauntlet)

   [amulet of the acrobat]

   Acrobat:   It increases your evasion while moving and waiting.
   rPois:     It protects you from poison
 u - the ring "Wigoi" (left hand) {+Blink rN+ Str+2 Int+6 SInv}
   (You found it in a bailey)

   [ring of intelligence]

   Str+2:     It affects your strength (+2).
   Int+6:     It affects your intelligence (+6).
   rN+:       It protects you from negative energy.
   SInv:      It lets you see invisible.
   +Blink:    It lets you blink.
 v - a +5 ring of evasion (right hand)
 x - a ring of fire
 z - the amulet "Aka Sed" (around neck) {Fly rElec Regen+ Dex+3}
   (You found it in an ossuary)

   [amulet of regeneration]

   Dex+3:     It affects your dexterity (+3).
   rElec:     It insulates you from electricity.
   Fly:       It grants you flight.
   Regen+:    It increases your rate of health regeneration.
 C - a ring of poison resistance
Talismans
 Q - a granite talisman
Wands
 o - a wand of flame (62)
 s - a wand of quicksilver (8)
 E - a wand of polymorph (8)
 F - a wand of charming (1)
Scrolls
 a - a scroll of poison
 i - 4 scrolls of vulnerability
 q - 4 scrolls of amnesia
 y - a scroll of torment {unknown}
 B - a scroll of enchant weapon
 G - 2 scrolls of acquirement
 H - 2 scrolls of brand weapon
 K - 3 scrolls of fog {unknown}
 L - 2 scrolls of noise {unknown}
 M - a scroll of revelation {unknown}
 O - 2 scrolls of enchant armour {unknown}
 P - a scroll of fear {unknown}
Potions
 b - 3 potions of magic
 e - 4 potions of mutation
 f - a potion of attraction
 m - 2 potions of curing
 p - 11 potions of ambrosia
 t - 2 potions of enlightenment
 w - 5 potions of brilliance
Miscellaneous
 A - a lightning rod (3/4)


   Skills:
 + Level 8.1 Fighting
 - Level 2.2 Maces & Flails
 * Level 10.4 Polearms
 - Level 6.5 Armour
 - Level 1.7 Dodging
 - Level 1.7 Stealth
 - Level 5.7 Spellcasting
 - Level 3.3 Summonings
 - Level 6.0 Ice Magic


You had 10 spell levels left.
You knew the following spells:

 Your Spells              Type           Power      Damage    Failure   Level
a - Freeze                Ice            100%       1d10      1%          1
b - Frozen Ramparts       Ice            100%       1d16      2%          3
c - Ozocubu's Armour      Ice            54%        N/A       2%          3
d - Summon Ice Beast      Ice/Summ       46%        N/A       12%         4

Your spell library contained the following spells:

 Spells                   Type           Power      Damage    Failure   Level
 Hailstorm                Conj/Ice       33%        3d8       8%          3
 Necrotise                Necr           40%        1d6       9%          1
 Lesser Beckoning         Tloc           20%        N/A       13%         2
 Gell's Gravitas          Tloc           10%        N/A       26%         3
 Teleport Other           Tloc           10%        N/A       26%         3
 Vampiric Draining        Necr           10%        2d6       26%         3
 Volatile Blastmotes      Fire/Tloc      20%        2d11      26%         3
 Fulminant Prism          Conj/Alch      5%         3d7       63%         4
 Iskenderun's Mystic Bla  Conj/Tloc      10%        2d4       63%         4
 Summon Forest            Summ/Tloc      11%        N/A       75%         5
 Summon Mana Viper        Hex/Summ       23%        N/A       75%         5
 Agony                    Necr           10%        N/A       93%         5
 Summon Cactus Giant      Summ           18%        N/A       97%         6


Dungeon Overview and Level Annotations

Branches:
Dungeon (11/15)            Temple (0/1) D:6         Ossuary (visited)
 Bailey (visited)         Gauntlet (1/1)
   Lair: D:8-11         Orc: D:9-12

Annotations:
Gauntlet 4 transporters


Innate Abilities, Weirdness & Mutations

You have an increased reservoir of magic. (+10% MP)
You shall have no god before yourself.
Your divine heritage dramatically boosts your attributes as you level up.


Message History

Unknown command.
Casting: Ozocubu's Armour (mildly dangerous; 2% risk of failure)
Confirm with . or Enter, or press ? or * to list all spells.
Casting: Frozen Ramparts (mildly dangerous; 2% risk of failure)
Press: ? - help, Dir - look around, f - activate You feel a surge of power!
The walls around you are covered in ice.
The wall freezes the minotaur but does no damage.
The minotaur hits you from afar with a +0 trident of flaming!!
The minotaur burns you!! The heat melts your icy armour.
Unknown command.
Aiming: Quicksilver Bolt
Press: ? - help, Shift-Dir - straight line, f - minotaur
Aim: a minotaur, wielding a +0 trident of flaming, wearing a +0 chain mail, wearing a ring of fire and quivering javelins (83% to hit)
Okay, then.
Unknown command.
You feel better.
The wall freezes the minotaur but does no damage.
The minotaur hits you from afar with a +0 trident of flaming!!
The minotaur burns you!!
* * * LOW HITPOINT WARNING * * *
The heat melts your icy armour.
Unknown command.
Unknown command.
Unknown command.
Okay, then.
Okay, then.
Okay, then.
Unknown command.
Your icy armour cracks and falls away as you move.
The frozen ramparts melt away as you move.
Okay, then.
Unknown command.
Unknown command.
Unknown command.
Okay, then.
Okay, then.
The minotaur throws a javelin.
The javelin pierces through you!!
You die...

#....#...=#..#####
#.##.##.#=#..#≈8≈#
#..#.©#..©#..#...########
#..##.##.!#..#.8........#
#......#..#..#...###.##.##
#.#.##.##.#..#.8.H......8#
#.........#..#...#.#.....
###########..#...#H#.####
............§#.©@#...#
§...........∩#...###.H......
............≈#.©.#...#8.8?8[
###########..#...#.#.#######
#.^.^...^.#..#...#.#.....#
#.^^...P^.#..#.8........8#
#..#..b#^.#..#...###.##.##
#.^.b.....#..#.8........#
#b...©.b.©#..#...########


You could see a minotaur.

Vanquished Creatures
  An orc warlord (Bailey)
  A two-headed ogre (D:10)
  Pikel (D:8)
  An orc knight (Bailey)
  A smoke demon (Gauntlet)
  An ice statue (Gauntlet)
  A gargoyle (D:10)
  2 rime drakes (Gauntlet)
  An unseen horror (D:11)
  A komodo dragon (D:11)
  2 trolls
  A queen bee (D:11)
  A hornet (D:8)
  Grinder (D:6)
  A shadow (D:10)
  2 wyverns
  A vampire (D:11)
  8 yaks
  Edmund (D:5)
  A swamp worm (Gauntlet)
  Duvessa (D:5)
  An acid dragon (D:8)
  A water moccasin (D:8)
  5 orc warriors
  A sky beast (D:4)
  2 ice beasts
  3 ogres
  A wolf (D:9)
  A centaur (D:11)
  A kobold brigand (D:7)
  2 bullfrogs (D:8)
  9 scorpions
  12 wights
  Dowan (D:5)
  30 killer bees
  A howler monkey (D:6)
  2 crimson imps (Gauntlet)
  A centaur zombie (Ossuary)
  3 jellies
  A gnoll bouda (D:6)
  5 hounds
  A human zombie (Ossuary)
  An orc priest (D:8)
  3 iguanas
  2 sleepcaps
  Jessica (D:2)
  A scorpion zombie (Ossuary)
  Terence (D:2)
  2 orc wizards
  3 mummies (Ossuary)
  7 gnolls
  7 adders
  2 shadow imps
  3 white imps
  2 ufetubi (D:6)
  3 worms
  2 dart slugs (D:4)
  18 orcs
  An endoplasm (D:2)
  A giant cockroach (D:1)
  15 goblins
  16 hobgoblins
  6 jackals (D:1)
  4 quokkas
  6 ball pythons
  3 bats
  2 frilled lizards
  A gnoll zombie (Ossuary)
  3 goblin zombies (Ossuary)
  3 hobgoblin zombies (Ossuary)
  18 kobolds
  2 kobold zombies (Ossuary)
  4 rats
258 creatures vanquished.

Vanquished Creatures (collateral kills)
  A swamp worm (Gauntlet)
1 creature vanquished.

Vanquished Creatures (others)
  A hobgoblin (D:3)
  A kobold (D:3)
  A butterfly (D:7)
3 creatures vanquished.

Grand Total: 262 creatures vanquished

Notes
Turn   | Place    | Note
-------+----------+-------------------------------------------
     0 | D:1      | Amplified the Demigod Ice Elementalist began the quest for
                  | the Orb.
     0 | D:1      | Reached XP level 1. HP: 14/14 MP: 5/5
   218 | D:1      | Reached XP level 2. HP: 22/22 MP: 5/7
   366 | D:1      | Reached skill level 1 in Fighting
   374 | D:1      | Reached skill level 1 in Armour
   712 | D:2      | Reached XP level 3. HP: 28/28 MP: 8/8
   868 | D:2      | Noticed Terence
   892 | D:2      | Killed Terence
  1018 | D:2      | Noticed Jessica
  1024 | D:2      | Killed Jessica
  1025 | D:2      | Reached XP level 4. HP: 29/36 MP: 8/10
  1387 | D:3      | Learned a level 3 spell: Frozen Ramparts
  2120 | D:4      | Reached skill level 1 in Maces & Flails
  2120 | D:4      | Reached XP level 5. HP: 24/40 MP: 11/11
  2964 | D:5      | Entered Level 5 of the Dungeon
  2964 | D:5      | Noticed an ogre
  2977 | D:4      | Killed an ogre
  2978 | D:4      | Reached XP level 6. HP: 51/51 MP: 8/12
  3011 | D:5      | Identified a scroll of acquirement
  3124 | D:5      | Found a sand-covered staircase.
  3142 | D:5      | Acquired the +9 bardiche "Wuox" {flame, rF- rCorr Str+2
                  | Int+2}
  3146 | Ossuary  | Entered an ossuary
  3244 | Ossuary  | Reached skill level 1 in Polearms
  3244 | Ossuary  | Reached XP level 7. HP: 57/57 MP: 14/14
  3320 | Ossuary  | Reached skill level 2 in Polearms
  3334 | Ossuary  | Identified the amulet "Aka Sed" {Fly rElec Regen+ Dex+3}
  3513 | D:5      | Noticed Edmund
  3525 | D:5      | Killed Edmund
  3526 | D:5      | Reached skill level 3 in Polearms
  3541 | D:5      | Reached XP level 8. HP: 66/66 MP: 16/16
  3571 | D:5      | Reached skill level 5 in Ice Magic
  3923 | D:5      | Reached skill level 4 in Polearms
  3941 | D:5      | Noticed Duvessa
  3941 | D:5      | Noticed Dowan
  3958 | D:5      | Killed Dowan
  3964 | D:5      | Killed Duvessa
  4033 | D:6      | Noticed Grinder
  4042 | D:6      | Killed Grinder
  4262 | D:6      | Noticed a green death
  4266 | D:6      | Noticed an orange demon
  4266 | D:6      | Noticed a hellwing
  4437 | D:6      | Reached skill level 5 in Polearms
  4464 | D:6      | Found a staircase to the Ecumenical Temple.
  4733 | D:7      | Found a flagged portal.
  4804 | D:7      | Reached skill level 5 in Fighting
  4852 | Bailey   | Entered a bailey
  4857 | Bailey   | Noticed an orc warlord
  4905 | Bailey   | Reached skill level 5 in Armour
  4905 | Bailey   | Reached XP level 9. HP: 74/74 MP: 19/19
  4908 | Bailey   | Noticed an orc knight
  4946 | Bailey   | Killed an orc knight
  4997 | Bailey   | Found a runed translucent gate.
  5012 | Bailey   | Learned a level 3 spell: Ozocubu's Armour
  5018 | Bailey   | Learned a level 4 spell: Summon Ice Beast
  5021 | Bailey   | Found a runed translucent gate.
  5021 | Bailey   | Found a runed translucent gate.
  5173 | Bailey   | Killed an orc warlord
  5174 | Bailey   | Reached skill level 6 in Polearms
  5174 | Bailey   | Reached skill level 1 in Summonings
  5241 | Bailey   | Identified the ring "Wigoi" {+Blink rN+ Str+2 Int+6 SInv}
  5470 | D:7      | Reached skill level 5 in Spellcasting
  5958 | D:8      | Noticed Pikel
  5963 | D:8      | Killed Pikel
  5964 | D:8      | Reached skill level 7 in Polearms
  5964 | D:8      | Reached XP level 10. HP: 82/83 MP: 21/21
  6462 | D:10     | Entered Level 10 of the Dungeon
  6462 | D:10     | Noticed a two-headed ogre
  6466 | D:10     | Killed a two-headed ogre
  6537 | D:10     | Reached skill level 8 in Polearms
  7108 | D:11     | Reached skill level 9 in Polearms
  7123 | D:11     | Reached XP level 11. HP: 82/92 MP: 23/23
  7240 | D:11     | Found a gate leading to a gauntlet.
  7318 | Gauntlet | Entered a Gauntlet
  7318 | Gauntlet | Noticed a great orb of eyes
  7318 | Gauntlet | Found a transporter.
  7318 | Gauntlet | Found a transporter.
  7318 | Gauntlet | Found a transporter.
  7322 | Gauntlet | Found a transporter.
  7332 | Gauntlet | Found a transporter.
  7364 | Gauntlet | Noticed a wretched star
  7399 | Gauntlet | Found a transporter.
  7409 | Gauntlet | Found a transporter.
  7424 | Gauntlet | Found a transporter.
  7436 | Gauntlet | Found a transporter.
  7449 | Gauntlet | Found a transporter.
  7455 | Gauntlet | Found a transporter.
  7480 | Gauntlet | Found a transporter.
  7562 | Gauntlet | Reached skill level 10 in Polearms
  7706 | Gauntlet | Identified the amulet of Vintul {Acrobat rPois}
  7753 | Gauntlet | Identified the -2 cloak of Rationality {Dex+3}
  7823 | Gauntlet | Noticed a minotaur
  7835 | Gauntlet | Hit by a javelin thrown by a minotaur

Illustrated notes

Levels and vault maps discovered:
D:1:      tarquinn_simple_flora_water_b, layout_rooms
D:2:      layout_rooms, interstate_on_off, kennysheep_decorative_pillar,
          uniq_jessica, uniq_terence
D:3:      layout_loops_ring, nicolae_ecumenical_lake_church
D:4:      layout_loops_cross, nicolae_dithmenos_shadow_blocks,
          nicolae_overflow_squiral
D:5:      minmay_recursive_quarters, layout_rooms,
          mainiacjoe_overflow_catwalk_spiral,
          nicolae_ossuary_entry_false_entrances, uniq_edmund, uniq_duvessa
D:6:      layout_gridville, makhleb_altar_promises_db,
          minmay_temple_entry_stoned_glass, kennysheep_nub, st_stairs_4,
          nicolae_elevator_lobby_asterisk, uniq_grinder
D:7:      layout_loops_ring, nicolae_elyvilon_peaceful_grove, enter_bailey_5
D:8:      layout_cave_pools, mainiacjoe_overflow_24_doors, minmay_between,
          uniq_pikel
D:9:      layout_loops_ring, nicolae_overflow_crystal_walls, erik_lair_island,
          orc_0_dummy, nzn_random_ring
D:10:     layout_roguey, lemuel_round_altar
D:11:     layout_roguey [special_room_bee], gauntlet_entry_generic, uniq_maurice
Gauntlet: gammafunk_gauntlet_shortcut [nicolae_gauntlet_arena_flowing_pool,
          nicolae_gauntlet_arena_grate_2, gammafunk_gauntlet_arena_spirals,
          nicolae_gauntlet_arena_t_cross, nicolae_gauntlet_swirl,
          gammafunk_gauntlet_arena_hedges,
          nicolae_gauntlet_exit_dead_adventurers]

Skill      XL: |  1  2  3  4  5  6  7  8  9 10 11 |
---------------+----------------------------------+-----
Fighting       | 1 2 3 4 5 6 7 8 |  8.1
Spellcasting   | 2 3 4 5 |  5.7
Armour         | 1 2 3 4 5 6 |  6.5
Ice Magic      | 4 5 6 |  6.0
Maces & Flails | 1 2 |  2.2
Polearms       | 1 3 5 7 9 10 | 10.4
Summonings     | 2 3 |  3.3
Dodging        | |  1.7
Stealth        | |  1.7

Action                     |  1- 3 |  4- 6 |  7- 9 | 10-12 || total
---------------------------+-------+-------+-------+-------++-------
  Melee: Dagger            |    83 |   137 |       |       ||   220
         Unarmed           |     9 |       |       |       ||     9
         Punch             |     2 |     3 |       |       ||     5
         Bardiche          |       |    21 |   197 |   214 ||   432
   Cast: Freeze            |    17 |       |       |       ||    17
         Frozen Ramparts   |       |     1 |       |     3 ||     4
         Ozocubu's Armour  |       |       |       |     3 ||     3
         Summon Ice Beast  |       |       |       |     2 ||     2
  Evoke: Wand              |       |       |     3 |     4 ||     7
         Lightning rod     |       |       |       |     3 ||     3
    Use: Potion            |     3 |       |     8 |    10 ||    21
         Scroll            |     1 |     5 |    12 |     4 ||    22
   Stab: Sleeping          |     2 |     2 |     2 |     2 ||     8
         Distracted        |       |       |     1 |       ||     1
 Armour: Robe              |    40 |       |       |       ||    40
         Scale mail        |    12 |    49 |       |       ||    61
         Troll leather arm |       |    34 |    97 |   143 ||   274
         Skin              |       |       |    20 |    57 ||    77
  Dodge: Dodged            |    70 |   106 |   207 |   235 ||   618

Table legend: (Time is in decaauts)
 A = Elapsed time spent in this place.
 B = Non-inter-level travel time spent in this place.
 C = Inter-level travel time spent in this place.
 D = Time resting spent in this place.
 E = Time spent auto-exploring this place.
 F = Levels seen in this place.
 G = Mean time per level.
                   A        B        C        D        E       F      G
               +--------+--------+--------+--------+--------+-----+--------+
         Total |   8072 |   7806 |    266 |    465 |   4532 |  14 |  576.6 |
       Dungeon |   6686 |   6420 |    266 |    175 |   4273 |  11 |  607.8 |
       Ossuary |    338 |    338 |      0 |      0 |     99 |   1 |  338.0 |
        Bailey |    523 |    523 |      0 |    156 |      3 |   1 |  523.0 |
      Gauntlet |    524 |    524 |      0 |    134 |    157 |   1 |  524.0 |
               +--------+--------+--------+--------+--------+-----+--------+

Top non-repeatable levels by time:
     D:4: 950 daAuts
     D:3: 815 daAuts
     D:6: 748 daAuts
     D:7: 707 daAuts
     D:2: 677 daAuts
     D:5: 675 daAuts
     D:1: 609 daAuts
     D:8: 535 daAuts
Gauntlet: 524 daAuts
  Bailey: 523 daAuts
    D:10: 475 daAuts
    D:11: 443 daAuts
 Ossuary: 338 daAuts
     D:9: 48 daAuts
